 Dungeon Crawl Stone Soup version 0.27-a0-1184-ge86db4a01e (webtiles) character file.

Game seed: 11617998453152867612

128 Wyvernaa the Shield-Bearer (level 5, -1/42 HPs)
             Began as a Formicid Fighter on May 18, 2021.
             Slain by Sigmund
             ... wielding a +0 scythe
              (7 damage)
             ... on level 3 of the Dungeon.
             The game lasted 00:05:09 (2772 turns).

Wyvernaa the Shield-Bearer (Formicid Fighter)       Turns: 2772, Time: 00:05:10

Health: -1/42      AC:  7    Str: 22    XL:     5   Next: 34%
Magic:  5/5        EV:  8    Int:  7    God:
Gold:   92         SH: 10    Dex: 10    Spells: 4/4 levels left

rFire    . . .     SeeInvis +   a - +0 trident
rCold    . . .     Faith    .   c - +1 kite shield
rNeg     . . .     Spirit   .   b - +0 scale mail
rPois    .         Reflect  .   (helmet unavailable)
rElec    .         Harm     .   (no cloak)
rCorr    .         Rampage  .   (no gloves)
Will     .....                  (no boots)
Stlth    ..........             (no amulet)
HPRegen  0.14/turn              (no ring)
MPRegen  0.09/turn              (no ring)

@: no status effects
A: permanent stasis, dig shafts and tunnels, antennae 3, four strong arms
a: Dig, Shaft Self


You were on level 3 of the Dungeon.
You visited 1 branch of the dungeon, and saw 3 of its levels.

You collected 92 gold pieces.

Inventory:

Hand Weapons
 a - a +0 trident (weapon)
Armour
 b - a +0 scale mail (worn)
 c - a +1 kite shield (worn)
Wands
 d - a wand of flame (6)
 h - a wand of polymorph (8)
Potions
 e - 2 potions of magic


   Skills:
 + Level 3.8 Fighting
 + Level 3.1 Polearms
 + Level 4.1 Armour
 + Level 1.1 Dodging
 + Level 0.2 Stealth
 + Level 4.5 Shields


You had 4 spell levels left.
You didn't know any spells.
Your spell library was empty.

Dungeon Overview and Level Annotations

Branches:
Dungeon (3/15)

Altars:

Annotations:
D:3 Sigmund


Innate Abilities, Weirdness & Mutations

You cannot be hasted, slowed, berserked, paralysed or teleported.
You can dig through walls and to a lower floor.
You have a pair of large antennae on your head. (SInv)
Your four strong arms can wield two-handed weapons with a shield.


Message History

You closely miss something.
Your transformation is almost over.
Something hits you but does no damage. x2
You hit something. Something hits you but does no damage.
You barely miss something.
You hear some strange, mumbled words.
Something tries to affect you, but you resist.
You barely miss something. Something hits you but does no damage.
You miss something. You block something's attack.
Something hits you but does no damage.
You completely miss something.
You hear some strange, mumbled words.
A magic dart appears from out of thin air!
The magic dart hits you.
You barely miss something. Something hits you!
You closely miss something.
You feel less wooden.
Your +0 scale mail unmelds from your body.
You block Sigmund's attack. Sigmund hits you with a +0 scythe!
You closely miss Sigmund.
Sigmund is lightly wounded.
Sigmund hits you but does no damage.
You barely miss Sigmund.
Sigmund is lightly wounded.
Sigmund barely misses you.
You hit Sigmund.
Sigmund is moderately wounded.
You block Sigmund's attack. Sigmund completely misses you.
You barely miss Sigmund.
Sigmund is moderately wounded.
Sigmund casts a spell at you. The magic dart hits you!
* * * LOW HITPOINT WARNING * * *
Your shield and scale mail prevent you from hitting Sigmund.
Sigmund is moderately wounded.
You block Sigmund's attack.
You hit Sigmund.
Sigmund is moderately wounded.
Sigmund barely misses you. Sigmund hits you with a +0 scythe!
You die...

.....
#.#...........#
......
#...#.........#
...#.. .
##.##.......
..<# . ... #..#
####### .....
..@..###.##
.....
.........#
.....
.....###.# ...
#@## . ##@# ###


You could see Sigmund.

Vanquished Creatures
  Jessica (D:3)
  2 adders (D:2)
  5 worms
  A dart slug (D:2)
  4 orcs (D:3)
  8 ball pythons
  An endoplasm (D:1)
  5 giant cockroaches
  3 goblins
  2 hobgoblins
  3 jackals (D:2)
  6 kobolds
  3 quokkas
  8 bats
  7 frilled lizards
  9 rats
68 creatures vanquished.

Notes
Turn   | Place    | Note
-------+----------+-------------------------------------------
     0 | D:1      | Wyvernaa the Formicid Fighter began the quest for the Orb.
     0 | D:1      | Reached XP level 1. HP: 18/18 MP: 1/1
   170 | D:1      | Reached XP level 2. HP: 19/24 MP: 2/2
   399 | D:1      | Found a faded altar of an unknown god.
   414 | D:1      | Reached XP level 3. HP: 27/29 MP: 3/3
  1019 | D:2      | Reached XP level 4. HP: 22/37 MP: 4/4
  1839 | D:3      | Reached skill level 1 in Dodging
  1880 | D:3      | Noticed Jessica
  1902 | D:3      | Killed Jessica
  1903 | D:3      | Reached XP level 5. HP: 23/42 MP: 5/5
  2329 | D:3      | Noticed Sigmund
  2772 | D:3      | Slain by Sigmund

Illustrated notes

Levels and vault maps discovered:
D:1:      dpeg_arrival_prison, layout_loops_cross,
          hellmonk_ecumenical_altar_heavens_door
D:2:      layout_loops_ring
D:3:      layout_rooms, nrook_uturn, minivault_5, uniq_sigmund, uniq_jessica,
          uniq_ijyb

Skill      XL: |  1  2  3  4 |
---------------+-------------+-----
Shields        | 4 |  4.5
Armour         | 4 |  4.1
Dodging        | 1 |  1.1
Polearms       | 3 |  3.1
Fighting       | |  3.8
Stealth        | |  0.2

Action                   |  1- 3 |  4- 6 || total
-------------------------+-------+-------++-------
Melee: Trident           |   116 |   149 ||   265
 Abil: Dig               |       |     3 ||     3
  Use: Scroll            |     2 |     3 ||     5
       Potion            |       |     3 ||     3
Armor: Scale mail        |    42 |    38 ||    80
       Skin              |       |    19 ||    19
Dodge: Dodged            |    28 |    33 ||    61
Block: Kite shield       |    47 |    68 ||   115

Table legend: (Time is in decaauts)
 A = Elapsed time spent in this place.
 B = Non-inter-level travel time spent in this place.
 C = Inter-level travel time spent in this place.
 D = Time resting spent in this place.
 E = Time spent auto-exploring this place.
 F = Levels seen in this place.
 G = Mean time per level.
                   A        B        C        D        E       F      G
               +--------+--------+--------+--------+--------+-----+--------+
         Total |   2865 |   2841 |     24 |    688 |   1374 |   3 |  955.0 |
       Dungeon |   2865 |   2841 |     24 |    688 |   1374 |   3 |  955.0 |
               +--------+--------+--------+--------+--------+-----+--------+

Top non-repeatable levels by time:
     D:2: 1334 daAuts
     D:1: 841 daAuts
     D:3: 689 daAuts
